 Dungeon Crawl Stone Soup version 0.28-b1-25-g9875b3fc8c (webtiles) character file.

Game seed: 9517637087283684335

19 cayde69 the Charlatan (level 2, 0/23 HPs)
             Began as a Draconian Artificer on Feb 2, 2022.
             Was an Initiate of Yredelemnul.
             Succumbed to an adder's poison
             ... on level 2 of the Dungeon.
             The game lasted 00:05:01 (1513 turns).

cayde69 the Charlatan (Draconian Artificer)         Turns: 1513, Time: 00:05:02

Health: 0/23       AC:  4    Str: 14    XL:     2   Next: 55%
Magic:  2/2        EV: 12    Int: 11    God:    Yredelemnul [......]
Gold:   20         SH:  0    Dex: 11    Spells: 1/1 levels left

rFire   . . .      SeeInvis .   g - +0 long sword
rCold   . . .      Faith    .   (no shield)
rNeg    . . .      Spirit   .   (armour unavailable)
rPois   .          Reflect  .   (helmet restricted)
rElec   .          Harm     .   (no cloak)
rCorr   .          Rampage  .   (no gloves)
Will    .....                   (no boots)
Stlth   +.........              (no amulet)
HPRegen 0.07/turn               (no ring)
MPRegen 0.08/turn               (no ring)

@: lethally poisoned (0 -> -2)
A: AC +4, unfitting armour, cold-blooded
a: Renounce Religion, Recall Undead Harvest


You were on level 2 of the Dungeon.
You worshipped Yredelemnul.
Yredelemnul was noncommittal.
You visited 1 branch of the dungeon, and saw 2 of its levels.

You collected 20 gold pieces.

Inventory:

Hand Weapons
 a - a +0 club
 g - a +0 long sword (weapon)
Missiles
 e - 5 poisoned darts
 f - 30 stones
Wands
 b - a wand of flame (13) (quivered)
 c - a wand of charming (15)
Scrolls
 h - a scroll of fog {unknown}
 j - a scroll of identify {unknown}
Potions
 i - a potion of lignification {unknown}
 k - a potion of attraction {unknown}
Miscellaneous
 d - a piece from Xom's chessboard (15/15)


   Skills:
 * Level 1.4 Fighting
 + Level 2.3 Dodging
 - Level 0.8 Stealth
 + Level 3.6 Evocations


You had one spell level left.
You didn't know any spells.
Your spell library was empty.

Dungeon Overview and Level Annotations

Branches:
Dungeon (2/15)

Altars:
Yredelemnul

Shops:
D:1 =


Innate Abilities, Weirdness & Mutations

Your plain brown scales are hard. (AC +4)
You cannot fit into any form of body armour.
You are cold-blooded and may be slowed by cold attacks.


Message History

A hobgoblin comes into view.
An adder comes into view.
You closely miss the hobgoblin.
The adder hisses angrily.
Your kobold zombie barely misses the hobgoblin.
The hobgoblin barely misses you.
You slash the hobgoblin!
You kill the hobgoblin!
You slash the adder!
Your tail-slap misses the adder.
The adder is severely wounded.
The adder bites you.
You are poisoned.
The adder poisons you! The adder bites you.
You are more poisoned.
The adder poisons you!
You barely miss the adder.
The adder is severely wounded.
You feel very sick. The adder barely misses you. The adder bites you.
You barely miss the adder.
The adder is severely wounded.
You feel very sick. The adder bites you. The adder closely misses you.
You are too injured to fight recklessly!
You are too injured to fight recklessly!
You are too injured to fight recklessly!
You are too injured to fight recklessly!
You barely miss the adder.
The adder is severely wounded.
You feel sick. The adder barely misses you.
You barely miss the adder.
The adder is severely wounded.
* * * LOW HITPOINT WARNING * * *
You feel sick. The adder bites you.
* * * LOW HITPOINT WARNING * * *
The adder bites you but does no damage.
You barely miss the adder.
The adder is heavily wounded.
You die...
Your body rises from the dead as a mindless zombie.

#######
#.....#
#.....#
#.....#
#.)...#
#<..Z.#
####@##
#S.#
#...#
#.#...
#.#####
#.# #.#
#.#


You could see an adder (ally target) and a friendly kobold zombie.

Vanquished Creatures
  3 ball pythons (D:1)
  A bat (D:1)
  3 endoplasms (D:1)
  A giant cockroach (D:1)
  A goblin (D:1)
  3 hobgoblins
  2 frilled lizards (D:1)
  2 kobolds
  A rat (D:1)
17 creatures vanquished.

Vanquished Creatures (collateral kills)
  A ball python (D:1)
1 creature vanquished.

Vanquished Creatures (others)
  A bat zombie (D:1)
1 creature vanquished.

Grand Total: 19 creatures vanquished

Notes
Turn   | Place    | Note
-------+----------+-------------------------------------------
     0 | D:1      | cayde69 the Draconian Artificer began the quest for the
                  | Orb.
     0 | D:1      | Reached XP level 1. HP: 16/16 MP: 1/1
   327 | D:1      | Reached XP level 2. HP: 23/23 MP: 2/2
   330 | D:1      | Found Foik's Jewellery Shoppe.
   391 | D:1      | Found a faded altar of an unknown god.
   464 | D:1      | Prayed at the altar of an unknown god.
   464 | D:1      | Became a worshipper of Yredelemnul the Dark
   464 | D:1      | Reached * piety under Yredelemnul
  1212 | D:1      | Reached ** piety under Yredelemnul
  1512 | D:2      | HP: 1/23 [adder (3)]
  1513 | D:2      | Succumbed to an adder's poison

Illustrated notes

Levels and vault maps discovered:
D:1:      minmay_arrival_pointy, layout_basic, serial_shops, shop,
          basic_ecumenical_altar
D:2:      layout_rooms

Action                   || total
-------------------------++-------
Melee: Club              ||    19
       Tailslap          ||     3
       Long sword        ||    22
Evoke: Wand              ||     2
 Stab: Sleeping          ||     2
Armor: Skin              ||    11
Dodge: Dodged            ||    26
